ITL
ALLENTOWN HILLBILLIES @ RICHMOND FLAIRS
09/11/2030
 
TOP OF THE 1ST
Allentown Hillbillies batting - Pitching for Richmond Flairs : RHP Tomás Muńóz
Pitching: RHP Tomás Muńóz
Batting: LHB Júlio Lorenzo 0-0: Ball
1-0: Swinging Strike
1-1: Ball
2-1: Ball
3-1: Base on Balls
Batting: RHB Albert Lutz 0-0: Called Strike
0-1: Called Strike
0-2: Fly out, F7 (Flyball, 7S)
Batting: LHB Eduardo Rodríguez 0-0: Ball
Júlio Lorenzo steals 2nd base
1-0: Called Strike
1-1: Called Strike
1-2: Strikes out swinging
Batting: RHB Germano Labrego 0-0: Foul Ball, location: 2F
0-1: Foul Ball, location: 2F
0-2: Strikes out swinging
Top of the 1st over - 0 runs, 0 hits, 0 errors, 1 left on base; Allentown 0 - Richmond 0
BOTTOM OF THE 1ST
Richmond Flairs batting - Pitching for Allentown Hillbillies : RHP Coy Torres
Pitching: RHP Coy Torres
Batting: LHB José Garza 0-0: Ball
1-0: Ball
2-0: Ball
3-0: Base on Balls
Batting: LHB Claudio Rodríguez Pickoff Throw to First - Error! E1
José Garza to second
0-0: Ball
1-0: Swinging Strike
1-1: Ball
2-1: Foul Ball, location: 2F
2-2: Ball
3-2: Base on Balls
Batting: LHB Sean Nicks 0-0: Ball
José Garza steals 3rd base
1-0: Foul Ball, location: 2F
1-1: Ball
2-1: Ball
3-1: Base on Balls
Claudio Rodríguez to second
Batting: LHB Roland Jones 0-0: Called Strike
0-1: Ball
1-1: SINGLE (Groundball, 4MD)
José Garza scores
Claudio Rodríguez to third
Sean Nicks to second
Batting: RHB Jack Ray 0-0: Ball
1-0: Ball
2-0: Ball
3-0: Called Strike
3-1: Base on Balls
Claudio Rodríguez scores
Sean Nicks to third
Roland Jones to second
Batting: RHB David Suarze 0-0: Ball
1-0: Ball
2-0: Ball
3-0: Base on Balls
Sean Nicks scores
Roland Jones to third
Jack Ray to second
Batting: RHB Alejandro Ramos 0-0: Ball
1-0: Ball
2-0: Ball
3-0: Called Strike
3-1: Base on Balls
Roland Jones scores
Jack Ray to third
David Suarze to second
Batting: RHB Guo-xiu Hsueh 0-0: Swinging Strike
0-1: Ball
1-1: Ball
2-1: Ball
3-1: Base on Balls
Jack Ray scores
David Suarze to third
Alejandro Ramos to second
Batting: RHB Juan López 0-0: Called Strike
0-1: SINGLE (Line Drive, 6D)
David Suarze scores
Alejandro Ramos to third
Guo-xiu Hsueh to second
Batting: LHB José Garza 0-0: Foul Ball, location: 2F
0-1: Ball
1-1: Foul Ball, location: 2F
1-2: Foul Ball, location: 2F
1-2: Strikes out swinging
Batting: LHB Claudio Rodríguez 0-0: Ball
1-0: Ball
2-0: Ball
3-0: Base on Balls
Alejandro Ramos scores
Guo-xiu Hsueh to third
Juan López to second
Batting: LHB Sean Nicks 0-0: Ball
1-0: DOUBLE (Flyball, 89D)
Guo-xiu Hsueh scores
Juan López scores
Claudio Rodríguez to third
Batting: LHB Roland Jones 0-0: Ground out U3 (Groundball, 3)
Batting: RHB Jack Ray 0-0: Ball
1-0: Called Strike
1-1: Ball
Wild Pitch!
Claudio Rodríguez scores
Sean Nicks to third
2-1: Ball
3-1: Base on Balls
Batting: RHB David Suarze 0-0: Ball
1-0: Fly out, F6 (Line Drive, 6)
Bottom of the 1st over - 10 runs, 3 hits, 1 error, 2 left on base; Allentown 0 - Richmond 10
TOP OF THE 2ND
Allentown Hillbillies batting - Pitching for Richmond Flairs : RHP Tomás Muńóz
Batting: RHB Donald Sanford 0-0: Ball
1-0: Called Strike
1-1: Foul Ball, location: 2F
1-2: Foul Ball, location: 2F
1-2: Foul Ball, location: 2F
1-2: Ball
2-2: Ground out 6-3 (Groundball, 56)
Batting: SHB Travis Martin 0-0: Called Strike
0-1: Ball
1-1: Ground out 5-3 (Groundball, 56)
Batting: RHB Robert Bly 0-0: Called Strike
0-1: Swinging Strike
0-2: Ball
1-2: Foul Ball, location: 2F
1-2: SINGLE (Groundball, 6MD)
Batting: RHB Justin Harris 0-0: Ball
1-0: Ball
2-0: Swinging Strike
2-1: Ball
3-1: Foul Ball, location: 2F
3-2: SINGLE (Line Drive, 8LS)
Robert Bly to second
Robert Bly to third
Batting: RHB Jeff Townsley Pickoff Throw to First - Out!
Top of the 2nd over - 0 runs, 2 hits, 0 errors, 1 left on base; Allentown 0 - Richmond 10
BOTTOM OF THE 2ND
Richmond Flairs batting - Pitching for Allentown Hillbillies : RHP Coy Torres
Batting: RHB Alejandro Ramos 0-0: Ball
1-0: Ball
2-0: Called Strike
2-1: Ball
3-1: Base on Balls
Batting: RHB Guo-xiu Hsueh 0-0: SINGLE (Groundball, 3D)
Alejandro Ramos to second
Runner from 2nd tries for 3rd, SAFE, no throw
Batting: RHB Juan López 0-0: Foul Ball, location: 2F
0-1: SINGLE (Line Drive, 6D)
Alejandro Ramos scores
Guo-xiu Hsueh to second
Batting: LHB José Garza 0-0: Foul Ball, location: 2F
0-1: Foul Ball, location: 2F
0-2: Foul Ball, location: 2F
0-2: Ball
1-2: Ball
2-2: Ball
3-2: Foul Ball, location: 2F
3-2: Fly out, F6 (Popup, 56D)
Batting: LHB Claudio Rodríguez 0-0: Ball
1-0: Swinging Strike
1-1: Foul Ball, location: 2F
1-2: Ball
2-2: Foul Ball, location: 2F
2-2: Foul Ball, location: 2F
2-2: Ball
3-2: SINGLE (Groundball, 4MD)
Guo-xiu Hsueh to third
Juan López to second
Runner from 3rd tries for Home, SAFE, no throw
Batting: LHB Sean Nicks 0-0: Ball
1-0: Swinging Strike
1-1: Ball
2-1: Ball
3-1: Base on Balls
Juan López to third
Claudio Rodríguez to second
Batting: LHB Roland Jones 0-0: Ball
1-0: Ball
2-0: Ball
3-0: Base on Balls
Juan López scores
Claudio Rodríguez to third
Sean Nicks to second
Batting: RHB Jack Ray 0-0: Called Strike
0-1: Swinging Strike
0-2: Ball
1-2: Foul Ball, location: 2F
1-2: Ball
2-2: Fly out, F8 (Flyball, 8RM)
Pitching: RHP Ryan Flynn
Batting: RHB David Suarze 0-0: Ball
1-0: Foul Ball, location: 2F
1-1: Ground out 5-3 (Groundball, 56S)
Bottom of the 2nd over - 3 runs, 3 hits, 0 errors, 3 left on base; Allentown 0 - Richmond 13
TOP OF THE 3RD
Allentown Hillbillies batting - Pitching for Richmond Flairs : RHP Tomás Muńóz
Batting: RHB Jeff Townsley 0-0: Called Strike
0-1: Foul Ball, location: 2F
0-2: Ball
1-2: Foul Ball, location: 2F
1-2: Ground out 4-3 (Groundball, 4)
Batting: LHB Júlio Lorenzo 0-0: Ball
1-0: Called Strike
1-1: Foul Ball, location: 2F
1-2: Ball
2-2: Fly out, F8 (Line Drive, 8RM)
Batting: RHB Albert Lutz 0-0: Swinging Strike
0-1: Ball
1-1: Ball
2-1: Called Strike
2-2: Ball
3-2: Foul Ball, location: 2F
3-2: SINGLE (Flyball, 8LS)
Batting: LHB Eduardo Rodríguez 0-0: Called Strike
0-1: Ball
1-1: DOUBLE (Flyball, 7D)
Albert Lutz to third
Batting: RHB Germano Labrego 0-0: 3-RUN HOME RUN (Flyball, 78XD), Distance : 380 ft
Batting: RHB Donald Sanford 0-0: Called Strike
0-1: Ball
1-1: Ball
2-1: Ball
3-1: Base on Balls
Batting: SHB Travis Martin 0-0: Called Strike
0-1: Swinging Strike
0-2: Strikes out swinging
Top of the 3rd over - 3 runs, 3 hits, 0 errors, 1 left on base; Allentown 3 - Richmond 13
BOTTOM OF THE 3RD
Richmond Flairs batting - Pitching for Allentown Hillbillies : RHP Ryan Flynn
Batting: RHB Alejandro Ramos 0-0: Foul Ball, location: 2F
0-1: Ball
1-1: Foul Ball, location: 2F
1-2: Ball
2-2: Foul Ball, location: 2F
2-2: Ball
3-2: Foul Ball, location: 2F
3-2: Base on Balls
Batting: RHB Guo-xiu Hsueh 0-0: Ball
1-0: Called Strike
1-1: Ball
2-1: Foul Ball, location: 2F
2-2: SINGLE (Groundball, 6) (infield hit)
Alejandro Ramos to second
Batting: RHB Juan López 0-0: Fly out, F3 (Line Drive, 34)
Batting: LHB José Garza 0-0: Foul Ball, location: 2F
0-1: Ball
1-1: Ball
2-1: Foul Ball, location: 2F
2-2: Fly out, F8 (Flyball, 8LS)
Batting: LHB Claudio Rodríguez 0-0: Called Strike
0-1: Ball
Wild Pitch!
Alejandro Ramos to third
Guo-xiu Hsueh to second
1-1: SINGLE (Groundball, 4D)
Alejandro Ramos scores
Guo-xiu Hsueh to third
Runner from 3rd tries for Home, SAFE, no throw
Batting: LHB Sean Nicks 0-0: Foul Ball, location: 2F
0-1: Swinging Strike
0-2: Foul Ball, location: 2F
0-2: Foul Ball, location: 2F
0-2: Foul Ball, location: 2F
0-2: Ball
1-2: Ball
2-2: Strikes out swinging
Bottom of the 3rd over - 2 runs, 2 hits, 0 errors, 1 left on base; Allentown 3 - Richmond 15
TOP OF THE 4TH
Allentown Hillbillies batting - Pitching for Richmond Flairs : RHP Tomás Muńóz
Batting: RHB Robert Bly 0-0: Foul Ball, location: 2F
0-1: Foul Ball, location: 2F
0-2: Ball
1-2: Strikes out swinging
Batting: RHB Justin Harris 0-0: Swinging Strike
0-1: Foul Ball, location: 2F
0-2: Ball
1-2: Foul Ball, location: 2F
1-2: Foul Ball, location: 2F
1-2: Fly out, F7 (Flyball, 78M)
Batting: RHB Jeff Townsley 0-0: Called Strike
0-1: Called Strike
0-2: Ball
1-2: Strikes out swinging
Top of the 4th over - 0 runs, 0 hits, 0 errors, 0 left on base; Allentown 3 - Richmond 15
BOTTOM OF THE 4TH
Richmond Flairs batting - Pitching for Allentown Hillbillies : RHP Ryan Flynn
Batting: LHB Roland Jones 0-0: Ball
1-0: Ball
2-0: Ground out 5-3 (Groundball, 56)
Batting: RHB Jack Ray 0-0: Ball
1-0: Ball
2-0: Ball
3-0: Base on Balls
Batting: RHB David Suarze 0-0: Ball
1-0: Ball
2-0: Ball
3-0: Base on Balls
Jack Ray to second
Batting: RHB Alejandro Ramos 0-0: Ball
1-0: Called Strike
1-1: Ball
2-1: Swinging Strike
2-2: Grounds into double play, 6-4-3 (Groundball, 6)
Bottom of the 4th over - 0 runs, 0 hits, 0 errors, 1 left on base; Allentown 3 - Richmond 15
TOP OF THE 5TH
Allentown Hillbillies batting - Pitching for Richmond Flairs : RHP Tomás Muńóz
Batting: LHB Júlio Lorenzo 0-0: SINGLE (Groundball, 6MD)
Batting: RHB Albert Lutz 0-0: Ball
1-0: Ball
2-0: Called Strike
2-1: Foul Ball, location: 2F
2-2: Ball
3-2: Strikes out swinging
Júlio Lorenzo is caught stealing 2nd base
Batter strikes out.
Batting: LHB Eduardo Rodríguez 0-0: Called Strike
0-1: Foul Ball, location: 2F
0-2: Ball
1-2: Foul Ball, location: 2F
1-2: SINGLE (Groundball, 4MD)
Batting: RHB Germano Labrego 0-0: Ball
1-0: Ball
2-0: Swinging Strike
2-1: Foul Ball, location: 2F
2-2: Fly out, F2 (Popup, 2RF)
Top of the 5th over - 0 runs, 2 hits, 0 errors, 1 left on base; Allentown 3 - Richmond 15
BOTTOM OF THE 5TH
Richmond Flairs batting - Pitching for Allentown Hillbillies : RHP Ryan Flynn
Batting: RHB Guo-xiu Hsueh 0-0: Ball
1-0: Foul Ball, location: 2F
1-1: Swinging Strike
1-2: Ball
2-2: Foul Ball, location: 2F
2-2: Ball
3-2: Ground out 5-3 (Groundball, 5)
Batting: RHB Juan López 0-0: Ball
1-0: Called Strike
1-1: Ball
2-1: Ball
3-1: Fly out, F8 (Line Drive, 89D)
Batting: LHB José Garza 0-0: Foul Ball, location: 2F
0-1: Swinging Strike
0-2: Ground out 6-3 (Groundball, 6)
Bottom of the 5th over - 0 runs, 0 hits, 0 errors, 0 left on base; Allentown 3 - Richmond 15
TOP OF THE 6TH
Allentown Hillbillies batting - Pitching for Richmond Flairs : RHP Tomás Muńóz
Batting: RHB Donald Sanford 0-0: Swinging Strike
0-1: Ball
1-1: Called Strike
1-2: Strikes out swinging
Batting: SHB Travis Martin 0-0: Called Strike
0-1: Called Strike
0-2: Ball
1-2: Strikes out swinging
Batting: RHB Robert Bly 0-0: Foul Ball, location: 2F
0-1: Ball
1-1: Ground out 6-3 (Groundball, 6S)
Top of the 6th over - 0 runs, 0 hits, 0 errors, 0 left on base; Allentown 3 - Richmond 15
BOTTOM OF THE 6TH
Richmond Flairs batting - Pitching for Allentown Hillbillies : RHP Ryan Flynn
Pitching: RHP Alfonso Ruíz
Batting: LHB Claudio Rodríguez 0-0: Ball
1-0: Swinging Strike
1-1: Called Strike
1-2: Strikes out swinging
Batting: LHB Sean Nicks 0-0: Ball
1-0: Ball
2-0: Ball
3-0: Base on Balls
Batting: LHB Roland Jones 0-0: Ball
1-0: Called Strike
Balk!
Sean Nicks to second
1-1: Fly out, F7 (Flyball, 7S)
Batting: RHB Jack Ray 0-0: Called Strike
0-1: Ball
1-1: Ball
2-1: Foul Ball, location: 2F
2-2: Foul Ball, location: 2F
2-2: SINGLE (Flyball, 7S)
Sean Nicks to third
Batting: RHB David Suarze 0-0: Foul Ball, location: 2F
0-1: Ground out 4-3 (Groundball, 4S)
Bottom of the 6th over - 0 runs, 1 hit, 0 errors, 2 left on base; Allentown 3 - Richmond 15
TOP OF THE 7TH
Allentown Hillbillies batting - Pitching for Richmond Flairs : RHP Tomás Muńóz
Batting: RHB Justin Harris 0-0: Ball
1-0: Called Strike
1-1: Called Strike
1-2: Ball
2-2: Foul Ball, location: 2F
2-2: Strikes out swinging
Batting: RHB Jeff Townsley 0-0: Ball
1-0: Called Strike
1-1: Ball
2-1: Foul Ball, location: 2F
2-2: Foul Ball, location: 2F
2-2: Foul Ball, location: 2F
2-2: Foul Ball, location: 2F
2-2: Foul Ball, location: 2F
2-2: Ball
3-2: Foul Ball, location: 2F
3-2: Base on Balls
Pitching: RHP Alfonso Luna
Batting: LHB Júlio Lorenzo 0-0: Ball
1-0: Ball
Wild Pitch!
Jeff Townsley to second
2-0: Ball
3-0: Base on Balls
Batting: RHB Albert Lutz 0-0: Foul Ball, location: 2F
0-1: Ball
1-1: SINGLE (Line Drive, 34)
Jeff Townsley to third
Júlio Lorenzo to second
Runner from 3rd tries for Home, throw and OUT!
Batting: LHB Eduardo Rodríguez 0-0: Ball
1-0: Foul Ball, location: 2F
1-1: Ball
2-1: Ball
3-1: Called Strike
3-2: Ground out 4-3 (Groundball, 4MS)
Top of the 7th over - 0 runs, 1 hit, 0 errors, 2 left on base; Allentown 3 - Richmond 15
BOTTOM OF THE 7TH
Richmond Flairs batting - Pitching for Allentown Hillbillies : RHP Alfonso Ruíz
Batting: RHB Alejandro Ramos 0-0: Called Strike
0-1: Ball
1-1: Foul Ball, location: 2F
1-2: Ball
2-2: Foul Ball, location: 2F
2-2: Foul Ball, location: 2F
2-2: Strikes out swinging
Batting: RHB Guo-xiu Hsueh 0-0: Ball
1-0: Ball
2-0: Called Strike
2-1: Fly out, F2 (Popup, 5SF)
Batting: RHB Juan López 0-0: Swinging Strike
0-1: Ball
1-1: Called Strike
1-2: Ball
2-2: Strikes out swinging
Bottom of the 7th over - 0 runs, 0 hits, 0 errors, 0 left on base; Allentown 3 - Richmond 15
TOP OF THE 8TH
Allentown Hillbillies batting - Pitching for Richmond Flairs : RHP Alfonso Luna
Now at 3B: Christian Hudson
Now at SS: Jeremy Holmes
Batting: RHB Germano Labrego 0-0: Ball
1-0: Called Strike
1-1: Ball
2-1: Ball
3-1: Base on Balls
Batting: RHB Donald Sanford 0-0: Ball
1-0: Swinging Strike
1-1: Ball
2-1: Ball
3-1: Called Strike
3-2: Fly out, F5 (Line Drive, 56)
Batting: SHB Travis Martin 0-0: Ball
1-0: SINGLE (Line Drive, 8LS)
Germano Labrego to second
Batting: RHB Robert Bly 0-0: Foul Ball, location: 2F
0-1: Foul Ball, location: 2F
0-2: Ball
Passed Ball!
Germano Labrego to third
Travis Martin to second
1-2: Ball
2-2: Ball
3-2: Base on Balls
Pinch Hitting: RHB Diego Rivera 0-0: Foul Ball, location: 2F
0-1: Called Strike
0-2: Ball
1-2: Strikes out swinging
Batting: RHB Jeff Townsley 0-0: Swinging Strike
0-1: Ball
1-1: Foul Ball, location: 2F
1-2: Ball
2-2: Strikes out swinging
Top of the 8th over - 0 runs, 1 hit, 0 errors, 3 left on base; Allentown 3 - Richmond 15
BOTTOM OF THE 8TH
Richmond Flairs batting - Pitching for Allentown Hillbillies : RHP Alfonso Ruíz
Now at 3B: António Yánez
Batting: LHB José Garza 0-0: Called Strike
0-1: Foul Ball, location: 2F
0-2: Strikes out swinging
Batting: LHB Claudio Rodríguez 0-0: Ball
1-0: Ball
2-0: Foul Ball, location: 2F
2-1: Swinging Strike
2-2: SINGLE (Groundball, 34D)
Batting: LHB Sean Nicks 0-0: Ball
1-0: Foul Ball, location: 2F
1-1: Foul Ball, location: 2F
1-2: Foul Ball, location: 2F
1-2: Ball
2-2: Foul Ball, location: 2F
2-2: Strikes out swinging
Batting: LHB Roland Jones 0-0: Ball
1-0: Ball
2-0: Foul Ball, location: 2F
2-1: Swinging Strike
2-2: Foul Ball, location: 2F
2-2: 2-RUN HOME RUN (Flyball, 9LD), Distance : 323 ft
Batting: RHB Jack Ray 0-0: Called Strike
0-1: Foul Ball, location: 2F
0-2: Fly out, F3 (Popup, 34)
Bottom of the 8th over - 2 runs, 2 hits, 0 errors, 0 left on base; Allentown 3 - Richmond 17
TOP OF THE 9TH
Allentown Hillbillies batting - Pitching for Richmond Flairs : RHP Alfonso Luna
Batting: LHB Júlio Lorenzo 0-0: Foul Ball, location: 2F
0-1: Ball
1-1: Swinging Strike
1-2: Foul Ball, location: 2F
1-2: Ground out 4-3 (Groundball, 4)
Batting: RHB Albert Lutz 0-0: Called Strike
0-1: Swinging Strike
0-2: Strikes out looking
Batting: LHB Eduardo Rodríguez 0-0: Ball
1-0: Ball
2-0: Ball
3-0: Base on Balls
Batting: RHB Germano Labrego 0-0: Called Strike
0-1: Ball
1-1: Foul Ball, location: 2F
1-2: Ball
2-2: Ball
3-2: Foul Ball, location: 2F
3-2: 2-RUN HOME RUN (Flyball, 7D), Distance : 357 ft
Batting: RHB Donald Sanford 0-0: Ball
1-0: Ball
2-0: Ball
3-0: Base on Balls
Pitching: LHP José Morán
Batting: SHB Travis Martin 0-0: Foul Ball, location: 2F
0-1: Ball
1-1: Foul Ball, location: 2F
1-2: Fielders Choice at 2nd, 6-4 (Groundball, 6)
Top of the 9th over - 2 runs, 1 hit, 0 errors, 1 left on base; Allentown 5 - Richmond 17
Saturday, April 7th, 2018 - OOTP Baseball 18.8 Build 76